Barracuda vs Checkers
Created - December 19, 2024 at 19:23
Goals
|
| Barracuda |
3 |
0 |
0 |
3 |
| Checkers |
2 |
3 |
1 |
6 |
|
Shots
|
| Barracuda |
12 |
12 |
11 |
35 |
| Checkers |
12 |
15 |
5 |
32 |
|
1st period
1. Barracuda , William Carrier 11 (Emil Pettersson 22) at 9:00
2. Barracuda , Kurtis Macdermid 19 (Theodor Blueger 17, Brett Kulak 12) at 10:26
3. Checkers , Patrick Brown 17 (Dylan Gambrell 30, Andrei Svechnikov 24) at 10:32
4. Barracuda , Emil Pettersson 13 (William Carrier 19, Thomas Gobeil 5) at 13:24
5. Checkers , Grigori Denisenko 4 (Nick Abruzzese 11, Timothy Liljegren 25) at 15:21
Penalties :
Jaedon Descheneau (S.J) for Tripping (Minor) at 0:29, Andrei Svechnikov (Cha) for Tripping (Minor) at 5:44
2nd period
6. Checkers , Roberts Lipsbergs 9 (Shane Bowers 5, Jared McIsaac 3) at 5:32
7. Checkers , Andrei Svechnikov 22 (Timothy Liljegren 26, Dylan Gambrell 31) at 7:42 (PP)
8. Checkers , Jared McIsaac 1 (Grigori Denisenko 10, Nick Abruzzese 12) at 8:28
Penalties :
Jared McIsaac (Cha) for Roughing (Minor) at 1:28, Brett Kulak (S.J) for Interference (Minor) at 5:49
3rd period
9. Checkers , Mitchell Heard 7 (Matt Puempel 5, Kirill Marchenko 5) at 13:48
Penalties :
Dylan Gambrell (Cha) for Cross-checking (Minor) at 0:09, Alexei Toropchenko (S.J) for Slashing (Minor) at 10:51
Goalie Stats
Kevin Mandolese (S.J), 9 saves from 10 shots - (0.900), 31:32 minutes
Joni Ortio (S.J), 17 saves from 22 shots - (0.773), L, 12-9-1, 28:28 minutes
Joseph Woll (Cha), 32 saves from 35 shots - (0.914), W, 9-7-2, 60:00 minutes
Players Stats for Barracuda
Player Name G A P +/- PIM S H SB GA TA FO MP PP MP PK MP
------------------------------------------------------------------------------------
Alex Henriksson 0 0 0 -1 0 2 0 0 0 0 0/0 9:44 0:04 0:45
Alex Lintuniemi 0 0 0 -1 0 0 1 0 0 0 0/0 14:36 0:00 0:41
Alexei Toropchenko 0 0 0 -1 2 0 1 0 0 0 0/0 8:58 0:04 0:00
Brett Kulak 0 1 1 0 2 2 2 1 2 2 0/0 24:59 3:24 2:21
Cole Ully 0 0 0 -2 0 3 0 0 2 0 0/0 12:11 0:00 1:47
Dennis Cholowski 0 0 0 -1 0 1 1 2 0 1 0/0 13:55 0:00 0:00
Emil Pettersson 1 1 2 0 0 2 3 0 1 1 20/33 23:16 3:09 3:19
Jaedon Descheneau 0 0 0 1 2 0 0 0 0 0 1/1 14:51 2:44 0:00
Jordan Gross 0 0 0 -1 0 2 2 3 0 0 0/0 19:41 2:33 2:06
Kurtis Macdermid 1 0 1 1 0 2 1 0 0 0 0/1 17:56 2:44 3:07
Kyle Platzer 0 0 0 -1 0 2 0 0 0 0 1/4 8:42 0:00 0:00
Luke Martin 0 0 0 -1 0 2 1 0 0 0 0/0 20:24 2:33 2:49
Nikolai Kovalenko 0 0 0 -2 0 0 1 0 0 0 1/2 10:24 0:00 0:00
Noah Gregor 0 0 0 -2 0 2 2 0 1 0 2/5 11:41 0:04 0:57
Robin Norell 0 0 0 0 0 1 0 1 0 1 0/0 26:24 3:24 3:45
Theodor Blueger 0 1 1 1 0 1 1 0 0 1 4/7 16:36 2:44 1:47
Thomas Gobeil 0 1 1 0 0 2 3 0 0 0 1/1 19:54 3:09 0:00
William Carrier 1 1 2 0 0 11 2 0 1 0 2/2 19:54 3:09 0:00
Players Stats for Checkers
Player Name G A P +/- PIM S H SB GA TA FO MP PP MP PK MP
------------------------------------------------------------------------------------
Andrei Svechnikov 1 1 2 1 2 4 1 1 1 0 0/1 19:26 2:32 0:00
Austin Poganski 0 0 0 0 0 2 2 1 0 0 1/1 14:24 0:11 1:37
Dylan Gambrell 0 2 2 1 2 1 2 0 0 1 12/30 21:06 2:32 1:41
Grigori Denisenko 1 1 2 0 0 5 2 1 0 0 0/1 15:34 3:08 0:00
Jared McIsaac 1 1 2 3 2 5 0 0 0 0 0/0 21:28 3:08 1:55
Jordan Harris 0 0 0 1 0 0 0 1 0 0 0/0 12:52 0:00 0:07
Kale Clague 0 0 0 -2 0 0 0 0 1 1 0/0 24:36 2:42 2:45
Kirill Marchenko 0 1 1 0 0 0 2 1 0 0 0/0 12:32 3:08 0:00
Matt Puempel 0 1 1 0 0 2 1 0 0 0 0/0 11:01 0:11 1:21
Michael Anderson 0 0 0 0 0 1 1 0 0 1 0/0 15:45 3:11 0:43
Mitchell Heard 1 0 1 0 0 2 1 0 0 1 2/5 12:35 0:11 2:55
Nick Abruzzese 0 2 2 0 0 3 1 0 1 0 6/12 16:55 3:08 1:08
Patrick Brown 1 0 1 1 0 1 1 0 0 1 0/2 22:31 2:32 2:57
Roberts Lipsbergs 1 0 1 1 0 2 1 0 0 0 1/1 9:12 0:00 0:02
Shane Bowers 0 1 1 1 0 2 1 0 0 0 1/2 9:27 0:00 0:13
Timothy Liljegren 0 2 2 -2 0 2 1 1 2 0 0/0 25:22 2:41 3:05
Tyce Thompson 0 0 0 1 0 0 3 0 0 1 1/1 9:10 0:00 0:00
Viktor Baldayev 0 0 0 4 0 0 1 0 1 1 0/0 20:04 0:00 3:19
3 Stars
1 - Jared McIsaac (Cha)
2 - Grigori Denisenko (Cha)
3 - Andrei Svechnikov (Cha)
Power Play
Barracuda - 0 on 3 Attempt(s) - 0.00%
Checkers - 1 on 3 Attempt(s) - 33.33%
Penalty Kill
Barracuda - 2 on 3 Attempt(s) - 66.67%
- Score 0 goal in Penalty Kill
Checkers - 3 on 3 Attempt(s) - 100.00%
- Score 0 goal in Penalty Kill
Team Stat
Barracuda - Hits : 21 - Faceoff Wins : 32 - Blocked Shots : 7 - Penalty Minutes : 6
Checkers - Hits : 21 - Faceoff Wins : 24 - Blocked Shots : 6 - Penalty Minutes : 6
Official
Referees : Chris Schlenker and Michael Markovic
Linesman : Travis Gawryletz and Devin Berg
Game Notes
Kevin Mandolese enters game at 8:28 of 2nd period
Finance
Level 1 -- Attendance: 1808 (90.40%) -- Ticket Income $126,560
Level 2 -- Attendance: 920 (92.00%) -- Ticket Income $36,800
Total Attendance: 2728 (90.93%)
Total Ticket Income: $163,360
Other Income: $8,168
Total Income: $171,528
Barracuda
5 vs 5 Forward
Center Left Wing Right Wing Time % Phy DF OF
1 Emil Pettersson William Carrier Thomas Gobeil 40 1 2 2
2 Theodor Blueger Kurtis Macdermid Jaedon Descheneau 30 1 2 2
3 Noah Gregor Cole Ully Nikolai Kovalenko 20 1 2 2
4 Kyle Platzer Alex Henriksson Alexei Toropchenko 10 1 3 1
5 vs 5 Defense
Defense Defense Time % Phy DF OF
1 Brett Kulak Robin Norell 40 1 2 2
2 Jordan Gross Luke Martin 30 1 2 2
3 Alex Lintuniemi Dennis Cholowski 20 1 3 1
4 Brett Kulak Robin Norell 10 1 3 1
PowerPlay Forward
Center Left Wing Right Wing Time % Phy DF OF
1 Emil Pettersson William Carrier Thomas Gobeil 60 0 2 3
2 Theodor Blueger Kurtis Macdermid Jaedon Descheneau 40 0 2 3
PowerPlay Defense
Defense Defense Time % Phy DF OF
1 Brett Kulak Robin Norell 60 0 2 3
2 Jordan Gross Luke Martin 40 0 2 3
Penalty Kill 4 Players Forward
Center Wing Time % Phy DF OF
1 Emil Pettersson Kurtis Macdermid 60 1 4 0
2 Theodor Blueger Cole Ully 40 1 4 0
Penalty Kill 4 Players Defense
Defense Defense Time % Phy DF OF
1 Brett Kulak Robin Norell 60 1 4 0
2 Jordan Gross Luke Martin 40 1 4 0
Penalty Kill - 3 Players Forward
Forward Time % Phy DF OF
1 Emil Pettersson 60 1 4 0
2 Theodor Blueger 40 1 4 0
Penalty Kill - 3 Players Defense
Defense Defense Time % Phy DF OF
1 Brett Kulak Robin Norell 60 1 4 0
2 Jordan Gross Luke Martin 40 1 4 0
4 vs 4 Forward
Center Wing Time % Phy DF OF
1 Emil Pettersson William Carrier 60 1 2 2
2 Theodor Blueger Kurtis Macdermid 40 1 2 2
4 vs 4 Defense
Defense Defense Time % Phy DF OF
1 Brett Kulak Robin Norell 60 1 2 2
2 Jordan Gross Luke Martin 40 1 2 2
Last Minutes Offensive
Center Left Wing Right Wing Defense Defense
Emil Pettersson William Carrier Thomas Gobeil Brett Kulak Robin Norell
Last Minutes Defensive
Center Left Wing Right Wing Defense Defense
Emil Pettersson William Carrier Thomas Gobeil Brett Kulak Robin Norell
Goaltenders
Starting : Joni Ortio
Backup : Kevin Mandolese
Extra Forwards
Normal : Noah Gregor, Alex Henriksson, Kyle Platzer - PP : Noah Gregor, Alex Henriksson - PK : Noah Gregor
Extra Defensemen
Normal : Luke Martin, Alex Lintuniemi, Dennis Cholowski - PP : Luke Martin - PK : Luke Martin, Alex Lintuniemi
Penalty Shots
Kurtis Macdermid, Emil Pettersson, Cole Ully, Theodor Blueger, Noah Gregor
Custom OT Lines Forwards
Kurtis Macdermid, Emil Pettersson, Cole Ully, Theodor Blueger, Noah Gregor, Alex Henriksson, Kyle Platzer, Thomas Gobeil, Jaedon Descheneau, Nikolai Kovalenko
Custom OT Lines Defensemen
Brett Kulak, Robin Norell, Jordan Gross, Luke Martin, Alex Lintuniemi
Scratches
Jacob Peterson (Healthy), Ryan Merkley (Healthy), Mac Hollowell (Fractured Orbital Bone Injury), Bode Wilde (Healthy), Beck Malenstyn (Healthy)
Adam Edstrom (Healthy), Adam Beckman (Healthy), Angus Crookshank (Healthy), Filip Larsson (Healthy)
Checkers
5 vs 5 Forward
Center Left Wing Right Wing Time % Phy DF OF
1 Dylan Gambrell Andrei Svechnikov Patrick Brown 40 0 2 3
2 Nick Abruzzese Grigori Denisenko Austin Poganski 30 0 2 3
3 Mitchell Heard Matt Puempel Kirill Marchenko 20 0 2 3
4 Shane Bowers Roberts Lipsbergs Tyce Thompson 10 0 2 3
5 vs 5 Defense
Defense Defense Time % Phy DF OF
1 Timothy Liljegren Kale Clague 40 0 2 3
2 Jared McIsaac Viktor Baldayev 30 0 2 3
3 Michael Anderson Jordan Harris 20 0 2 3
4 Timothy Liljegren Kale Clague 10 0 2 3
PowerPlay Forward
Center Left Wing Right Wing Time % Phy DF OF
1 Dylan Gambrell Andrei Svechnikov Patrick Brown 60 0 1 4
2 Nick Abruzzese Grigori Denisenko Kirill Marchenko 40 0 1 4
PowerPlay Defense
Defense Defense Time % Phy DF OF
1 Timothy Liljegren Kale Clague 60 0 2 3
2 Jared McIsaac Michael Anderson 40 0 2 3
Penalty Kill 4 Players Forward
Center Wing Time % Phy DF OF
1 Mitchell Heard Patrick Brown 60 0 3 2
2 Dylan Gambrell Austin Poganski 40 0 3 2
Penalty Kill 4 Players Defense
Defense Defense Time % Phy DF OF
1 Timothy Liljegren Jared McIsaac 60 0 4 1
2 Kale Clague Viktor Baldayev 40 0 4 1
Penalty Kill - 3 Players Forward
Forward Time % Phy DF OF
1 Patrick Brown 60 0 3 2
2 Mitchell Heard 40 0 3 2
Penalty Kill - 3 Players Defense
Defense Defense Time % Phy DF OF
1 Timothy Liljegren Jared McIsaac 60 0 4 1
2 Kale Clague Viktor Baldayev 40 0 4 1
4 vs 4 Forward
Center Wing Time % Phy DF OF
1 Dylan Gambrell Andrei Svechnikov 60 0 2 3
2 Nick Abruzzese Patrick Brown 40 0 2 3
4 vs 4 Defense
Defense Defense Time % Phy DF OF
1 Timothy Liljegren Kale Clague 60 0 2 3
2 Michael Anderson Viktor Baldayev 40 0 2 3
Last Minutes Offensive
Center Left Wing Right Wing Defense Defense
Dylan Gambrell Andrei Svechnikov Patrick Brown Timothy Liljegren Kale Clague
Last Minutes Defensive
Center Left Wing Right Wing Defense Defense
Mitchell Heard Roberts Lipsbergs Patrick Brown Kale Clague Viktor Baldayev
Goaltenders
Starting : Joseph Woll
Backup : Ivan Prosvetov
Extra Forwards
Normal : Nick Abruzzese, Andrei Svechnikov, Dylan Gambrell - PP : Kirill Marchenko, Andrei Svechnikov - PK : Patrick Brown
Extra Defensemen
Normal : Jared McIsaac, Timothy Liljegren, Kale Clague - PP : Michael Anderson - PK : Viktor Baldayev, Jared McIsaac
Penalty Shots
Andrei Svechnikov, Patrick Brown, Roberts Lipsbergs, Nick Abruzzese, Shane Bowers
Custom OT Lines Forwards
Dylan Gambrell, Andrei Svechnikov, Patrick Brown, Grigori Denisenko, Kirill Marchenko, Nick Abruzzese, Mitchell Heard, Matt Puempel, Roberts Lipsbergs, Shane Bowers
Custom OT Lines Defensemen
Timothy Liljegren, Kale Clague, Jared McIsaac, Viktor Baldayev, Michael Anderson
Scratches
Brett Pollock (Healthy), John Draeger (Left Knee Injury), Mikhail Abramov (Healthy), Mattias Norlinder (Healthy), Nathan Legare (Healthy)
Kirill Ustimenko (Healthy)
% Time on Ice - Barracuda
Lines # - Real PCT - Wanted PCT - Time Play
Normal Forward
1 - 35% - 40% - 17:01
2 - 25% - 30% - 12:05
3 - 22% - 20% - 10:24
4 - 18% - 10% - 8:42
Normal Defense
1 - 38% - 40% - 18:14
2 - 31% - 30% - 15:02
3 - 29% - 20% - 13:55
4 - 2% - 10% - 1:01
PP Forward
1 - 54% - 60% - 3:13
2 - 46% - 40% - 2:44
PP Defense
1 - 57% - 60% - 3:24
2 - 43% - 40% - 2:33
PK Forward
1 - 70% - 60% - 4:04
2 - 30% - 40% - 1:47
PK Defense
1 - 72% - 60% - 4:14
2 - 28% - 40% - 1:37
PK3 Forward
1 - 0% - 60%
2 - 0% - 40%
PK3 Defense
1 - 0% - 60%
2 - 0% - 40%
44 Forward
1 - 0% - 60%
2 - 0% - 40%
44 Defense
1 - 0% - 60%
2 - 0% - 40%
Last Minute Offensive - 0:00
Last Minute Defensive - 0:00
Total
Forward - 60:00
Defense - 60:00
|
% Time on Ice - Checkers
Lines # - Real PCT - Wanted PCT - Time Play
Normal Forward
1 - 36% - 40% - 17:07
2 - 26% - 30% - 12:31
3 - 20% - 20% - 9:24
4 - 19% - 10% - 9:10
Normal Defense
1 - 39% - 40% - 18:44
2 - 35% - 30% - 16:45
3 - 24% - 20% - 11:43
4 - 2% - 10% - 1:00
PP Forward
1 - 46% - 60% - 2:43
2 - 54% - 40% - 3:08
PP Defense
1 - 46% - 60% - 2:43
2 - 54% - 40% - 3:08
PK Forward
1 - 73% - 60% - 4:20
2 - 27% - 40% - 1:37
PK Defense
1 - 54% - 60% - 3:12
2 - 46% - 40% - 2:45
PK3 Forward
1 - 0% - 60%
2 - 0% - 40%
PK3 Defense
1 - 0% - 60%
2 - 0% - 40%
44 Forward
1 - 0% - 60%
2 - 0% - 40%
44 Defense
1 - 0% - 60%
2 - 0% - 40%
Last Minute Offensive - 0:00
Last Minute Defensive - 0:00
Total
Forward - 60:00
Defense - 60:00
|
Play-by-Play
1st period
0:01 of 1st period - Dylan Gambrell wins face-off versus Emil Pettersson in neutral zone.
0:04 of 1st period - Emil Pettersson is hit by Patrick Brown and loses puck.
0:29 of 1st period - Minor Penalty to Jaedon Descheneau for Tripping.
0:30 of 1st period - Dylan Gambrell wins face-off versus Emil Pettersson in Barracuda zone.
0:30 of 1st period - Snap shot by Andrei Svechnikov.
0:30 of 1st period - Shot Misses the Net.
0:32 of 1st period - Snap shot by Timothy Liljegren.
0:32 of 1st period - Stopped by Joni Ortio with a rebound.
1:29 of 1st period - Dylan Gambrell is hit by Jordan Gross and loses puck.
2:29 of 1st period - Penalty to Jaedon Descheneau is over, Jaedon Descheneau is back on ice.
2:43 of 1st period - Wrist shot by Alex Henriksson.
2:43 of 1st period - Shot Hit the Post.
2:45 of 1st period - Wrist shot by Alex Henriksson.
2:45 of 1st period - Shot Misses the Net.
2:47 of 1st period - Slapshot by Robin Norell.
2:47 of 1st period - Stopped by Joseph Woll with a rebound.
4:05 of 1st period - Patrick Brown is hit by Noah Gregor and loses puck.
4:10 of 1st period - Backhand shot by Noah Gregor.
4:10 of 1st period - Shot Misses the Net.
4:21 of 1st period - Icing by Andrei Svechnikov.
4:22 of 1st period - Kyle Platzer wins face-off versus Dylan Gambrell in Checkers zone.
4:43 of 1st period - Kurtis Macdermid is hit by Grigori Denisenko and loses puck.
5:00 of 1st period - Wrist shot by Mitchell Heard.
5:00 of 1st period - Stopped by Joni Ortio without a rebound.
5:01 of 1st period - Mitchell Heard wins face-off versus Noah Gregor in Barracuda zone.
5:02 of 1st period - Slapshot by Matt Puempel.
5:02 of 1st period - Stopped by Joni Ortio without a rebound.
5:03 of 1st period - Noah Gregor wins face-off versus Mitchell Heard in Barracuda zone.
5:30 of 1st period - Wrist shot by Emil Pettersson.
5:30 of 1st period - Shot Misses the Net.
5:44 of 1st period - Minor Penalty to Andrei Svechnikov for Tripping.
5:45 of 1st period - Emil Pettersson wins face-off versus Mitchell Heard in Checkers zone.
7:00 of 1st period - Matt Puempel is hit by Emil Pettersson and loses puck.
7:42 of 1st period - Robin Norell is hit by Nick Abruzzese.
7:44 of 1st period - Penalty to Andrei Svechnikov is over, Andrei Svechnikov is back on ice.
7:56 of 1st period - Snap shot by Roberts Lipsbergs.
7:56 of 1st period - Shot Misses the Net.
8:12 of 1st period - Backhand shot by Austin Poganski.
8:12 of 1st period - Stopped by Joni Ortio with a rebound.
8:14 of 1st period - Slapshot by Jared McIsaac.
8:14 of 1st period - Stopped by Joni Ortio without a rebound.
8:15 of 1st period - Nick Abruzzese wins face-off versus Kyle Platzer in Barracuda zone.
8:25 of 1st period - Wrist shot by Grigori Denisenko.
8:25 of 1st period - Stopped by Joni Ortio without a rebound.
8:26 of 1st period - Dylan Gambrell wins face-off versus Emil Pettersson in Barracuda zone.
8:33 of 1st period - Luke Martin is hit by Dylan Gambrell and loses puck.
8:43 of 1st period - Icing by William Carrier.
8:44 of 1st period - Thomas Gobeil wins face-off versus Nick Abruzzese in Barracuda zone.
8:53 of 1st period - Kale Clague is hit by William Carrier and loses puck.
8:58 of 1st period - Slapshot by William Carrier.
8:58 of 1st period - Stopped by Joseph Woll with a rebound.
9:00 of 1st period - Wrist shot by William Carrier.
9:00 of 1st period - Goal by William Carrier - Barracuda : 1 - Checkers : 0.
9:01 of 1st period - Emil Pettersson wins face-off versus Dylan Gambrell in neutral zone.
9:16 of 1st period - Wrist shot by Emil Pettersson.
9:16 of 1st period - Shot Misses the Net.
9:33 of 1st period - Slapshot by Theodor Blueger.
9:33 of 1st period - Stopped by Joseph Woll without a rebound.
9:34 of 1st period - Theodor Blueger wins face-off versus Grigori Denisenko in Checkers zone.
9:49 of 1st period - Slapshot by Grigori Denisenko.
9:49 of 1st period - Stopped by Joni Ortio without a rebound.
9:50 of 1st period - Dylan Gambrell wins face-off versus Emil Pettersson in Barracuda zone.
9:51 of 1st period - Slapshot by Andrei Svechnikov.
9:51 of 1st period - Stopped by Joni Ortio with a rebound.
10:24 of 1st period - Snap shot by Theodor Blueger.
10:24 of 1st period - Shot Misses the Net.
10:26 of 1st period - Wrist shot by Kurtis Macdermid.
10:26 of 1st period - Goal by Kurtis Macdermid - Barracuda : 2 - Checkers : 0.
10:27 of 1st period - Dylan Gambrell wins face-off versus Emil Pettersson in neutral zone.
10:30 of 1st period - Snap shot by Dylan Gambrell.
10:30 of 1st period - Stopped by Joni Ortio with a rebound.
10:32 of 1st period - Wrist shot by Patrick Brown.
10:32 of 1st period - Goal by Patrick Brown - Barracuda : 2 - Checkers : 1.
10:33 of 1st period - Emil Pettersson wins face-off versus Dylan Gambrell in neutral zone.
10:49 of 1st period - Off-side.
10:50 of 1st period - Theodor Blueger wins face-off versus Nick Abruzzese in neutral zone.
11:24 of 1st period - Snap shot by Matt Puempel.
11:24 of 1st period - Shot Blocked by Jordan Gross.
11:37 of 1st period - Icing by Theodor Blueger.
11:38 of 1st period - Dylan Gambrell wins face-off versus Emil Pettersson in Barracuda zone.
12:29 of 1st period - Mitchell Heard is hit by Alexei Toropchenko.
12:39 of 1st period - Snap shot by Jordan Gross.
12:39 of 1st period - Stopped by Joseph Woll without a rebound.
12:40 of 1st period - Emil Pettersson wins face-off versus Patrick Brown in Checkers zone.
13:10 of 1st period - Wrist shot by Mitchell Heard.
13:10 of 1st period - Shot Blocked by Dennis Cholowski.
13:24 of 1st period - Snap shot by Emil Pettersson.
13:24 of 1st period - Goal by Emil Pettersson - Barracuda : 3 - Checkers : 1.
13:25 of 1st period - Theodor Blueger wins face-off versus Dylan Gambrell in neutral zone.
14:17 of 1st period - Slapshot by Timothy Liljegren.
14:17 of 1st period - Stopped by Joni Ortio with a rebound.
14:35 of 1st period - Slapshot by William Carrier.
14:35 of 1st period - Shot Misses the Net.
15:03 of 1st period - Slapshot by Brett Kulak.
15:03 of 1st period - Shot Blocked by Andrei Svechnikov.
15:21 of 1st period - Snap shot by Grigori Denisenko.
15:21 of 1st period - Goal by Grigori Denisenko - Barracuda : 3 - Checkers : 2.
15:22 of 1st period - Emil Pettersson wins face-off versus Dylan Gambrell in neutral zone.
15:24 of 1st period - Off-side.
15:25 of 1st period - Dylan Gambrell wins face-off versus Emil Pettersson in neutral zone.
16:19 of 1st period - Snap shot by Noah Gregor.
16:19 of 1st period - Stopped by Joseph Woll with a rebound.
16:21 of 1st period - Slapshot by Jordan Gross.
16:21 of 1st period - Stopped by Joseph Woll with a rebound.
16:56 of 1st period - Patrick Brown is hit by Thomas Gobeil and loses puck.
17:16 of 1st period - Off-side.
17:17 of 1st period - Jaedon Descheneau wins face-off versus Nick Abruzzese in neutral zone.
17:43 of 1st period - Dylan Gambrell is hit by Brett Kulak and loses puck.
17:52 of 1st period - Snap shot by Emil Pettersson.
17:52 of 1st period - Shot Misses the Net.
18:35 of 1st period - Snap shot by Alex Henriksson.
18:35 of 1st period - Shot Misses the Net.
18:47 of 1st period - Backhand shot by Nick Abruzzese.
18:47 of 1st period - Shot Misses the Net.
19:10 of 1st period - Snap shot by William Carrier.
19:10 of 1st period - Stopped by Joseph Woll with a rebound.
19:12 of 1st period - Snap shot by Thomas Gobeil.
19:12 of 1st period - Stopped by Joseph Woll with a rebound.
19:28 of 1st period - Noah Gregor is hit by Matt Puempel and loses puck.
19:36 of 1st period - Off-side.
19:37 of 1st period - Emil Pettersson wins face-off versus Nick Abruzzese in neutral zone.
19:40 of 1st period - Nick Abruzzese is hit by William Carrier and loses puck.
19:45 of 1st period - Backhand shot by William Carrier.
19:45 of 1st period - Stopped by Joseph Woll with a rebound.
19:47 of 1st period - Wrist shot by Emil Pettersson.
19:47 of 1st period - Deflect By Thomas Gobeil.
19:47 of 1st period - Shot Misses the Net.
19:47 of 1st period - Puck is out of play.
19:48 of 1st period - Emil Pettersson wins face-off versus Dylan Gambrell in Checkers zone.
Goals for this period are 3 for Barracuda vs 2 for Checkers.
Shots for this period are 12 for Barracuda vs 12 for Checkers.
2nd period
0:01 of 2nd period - Emil Pettersson wins face-off versus Dylan Gambrell in neutral zone.
0:30 of 2nd period - Snap shot by Grigori Denisenko.
0:30 of 2nd period - Stopped by Joni Ortio without a rebound.
0:31 of 2nd period - Austin Poganski wins face-off versus Kurtis Macdermid in Barracuda zone.
0:36 of 2nd period - Slapshot by Nick Abruzzese.
0:36 of 2nd period - Stopped by Joni Ortio with a rebound.
0:44 of 2nd period - Wrist shot by Theodor Blueger.
0:44 of 2nd period - Shot Misses the Net.
0:59 of 2nd period - Icing by Patrick Brown.
1:00 of 2nd period - Dylan Gambrell wins face-off versus Noah Gregor in Checkers zone.
1:28 of 2nd period - Minor Penalty to Jared McIsaac for Roughing.
1:29 of 2nd period - Mitchell Heard wins face-off versus Emil Pettersson in Checkers zone.
2:53 of 2nd period - Dylan Gambrell is hit by Kurtis Macdermid and loses puck.
3:28 of 2nd period - Penalty to Jared McIsaac is over, Jared McIsaac is back on ice.
3:35 of 2nd period - Slapshot by Noah Gregor.
3:35 of 2nd period - Deflect By Alex Henriksson.
3:35 of 2nd period - Stopped by Joseph Woll without a rebound.
3:36 of 2nd period - Nick Abruzzese wins face-off versus Nikolai Kovalenko in Checkers zone.
3:36 of 2nd period - Nick Abruzzese is hit by Dennis Cholowski.
3:44 of 2nd period - Snap shot by Austin Poganski.
3:44 of 2nd period - Stopped by Joni Ortio without a rebound.
3:45 of 2nd period - Noah Gregor wins face-off versus Nick Abruzzese in Barracuda zone.
3:52 of 2nd period - Slapshot by Cole Ully.
3:52 of 2nd period - Shot Blocked by Austin Poganski.
4:12 of 2nd period - Snap shot by Nick Abruzzese.
4:12 of 2nd period - Stopped by Joni Ortio with a rebound.
4:14 of 2nd period - Slapshot by Jordan Harris.
4:14 of 2nd period - Deflect By Nick Abruzzese.
4:14 of 2nd period - Shot Misses the Net.
4:14 of 2nd period - Puck is out of play.
4:15 of 2nd period - Emil Pettersson wins face-off versus Dylan Gambrell in Barracuda zone.
5:32 of 2nd period - Wrist shot by Roberts Lipsbergs.
5:32 of 2nd period - Goal by Roberts Lipsbergs - Barracuda : 3 - Checkers : 3.
5:33 of 2nd period - Dylan Gambrell wins face-off versus Emil Pettersson in neutral zone.
5:49 of 2nd period - Minor Penalty to Brett Kulak for Interference.
5:50 of 2nd period - Emil Pettersson wins face-off versus Dylan Gambrell in Barracuda zone.
6:03 of 2nd period - Snap shot by Andrei Svechnikov.
6:03 of 2nd period - Stopped by Joni Ortio with a rebound.
6:23 of 2nd period - Snap shot by Nick Abruzzese.
6:23 of 2nd period - Shot Blocked by Robin Norell.
6:25 of 2nd period - Snap shot by Jared McIsaac.
6:25 of 2nd period - Stopped by Joni Ortio without a rebound.
6:26 of 2nd period - Emil Pettersson wins face-off versus Nick Abruzzese in Barracuda zone.
7:30 of 2nd period - Slapshot by Nick Abruzzese.
7:30 of 2nd period - Stopped by Joni Ortio without a rebound.
7:31 of 2nd period - Emil Pettersson wins face-off versus Dylan Gambrell in Barracuda zone.
7:42 of 2nd period - Wrist shot by Andrei Svechnikov.
7:42 of 2nd period - Deflect By Alex Lintuniemi.
7:42 of 2nd period - Goal by Andrei Svechnikov - Barracuda : 3 - Checkers : 4.
7:43 of 2nd period - William Carrier wins face-off versus Dylan Gambrell in neutral zone.
8:02 of 2nd period - Dylan Gambrell is hit by Emil Pettersson and loses puck.
8:17 of 2nd period - Wrist shot by Cole Ully.
8:17 of 2nd period - Stopped by Joseph Woll with a rebound.
8:19 of 2nd period - Slapshot by Luke Martin.
8:19 of 2nd period - Stopped by Joseph Woll with a rebound.
8:21 of 2nd period - Slapshot by Cole Ully.
8:21 of 2nd period - Stopped by Joseph Woll without a rebound.
8:22 of 2nd period - Nick Abruzzese wins face-off versus Noah Gregor in Checkers zone.
8:22 of 2nd period - Nick Abruzzese is hit by Jordan Gross.
8:28 of 2nd period - Slapshot by Jared McIsaac.
8:28 of 2nd period - Goal by Jared McIsaac - Barracuda : 3 - Checkers : 5.
8:28 of 2nd period - Kevin Mandolese enters game.
8:29 of 2nd period - Dylan Gambrell wins face-off versus Emil Pettersson in neutral zone.
8:56 of 2nd period - Theodor Blueger is hit by Grigori Denisenko and loses puck.
9:21 of 2nd period - Cole Ully is hit by Kirill Marchenko and loses puck.
10:18 of 2nd period - Jared McIsaac is hit by Noah Gregor and loses puck.
10:44 of 2nd period - Kurtis Macdermid is hit by Viktor Baldayev and loses puck.
10:59 of 2nd period - Viktor Baldayev is hit by Alex Lintuniemi and loses puck.
11:24 of 2nd period - Backhand shot by Roberts Lipsbergs.
11:24 of 2nd period - Deflect By Shane Bowers.
11:24 of 2nd period - Stopped by Kevin Mandolese with a rebound.
11:26 of 2nd period - Slapshot by Viktor Baldayev.
11:26 of 2nd period - Shot Blocked by Jordan Gross.
11:28 of 2nd period - Snap shot by Jared McIsaac.
11:28 of 2nd period - Stopped by Kevin Mandolese with a rebound.
11:30 of 2nd period - Snap shot by Roberts Lipsbergs.
11:30 of 2nd period - Shot Misses the Net.
11:32 of 2nd period - Slapshot by Jared McIsaac.
11:32 of 2nd period - Stopped by Kevin Mandolese without a rebound.
11:33 of 2nd period - Emil Pettersson wins face-off versus Dylan Gambrell in Barracuda zone.
11:38 of 2nd period - Slapshot by Brett Kulak.
11:38 of 2nd period - Shot Misses the Net.
11:40 of 2nd period - Slapshot by Brett Kulak.
11:40 of 2nd period - Stopped by Joseph Woll with a rebound.
11:42 of 2nd period - Snap shot by William Carrier.
11:42 of 2nd period - Stopped by Joseph Woll with a rebound.
11:44 of 2nd period - Slapshot by Brett Kulak.
11:44 of 2nd period - Stopped by Joseph Woll without a rebound.
11:45 of 2nd period - Emil Pettersson wins face-off versus Andrei Svechnikov in Checkers zone.
12:17 of 2nd period - Slapshot by Austin Poganski.
12:17 of 2nd period - Shot Misses the Net.
12:19 of 2nd period - Snap shot by Grigori Denisenko.
12:19 of 2nd period - Shot Misses the Net.
12:55 of 2nd period - Snap shot by Kyle Platzer.
12:55 of 2nd period - Shot Misses the Net.
13:01 of 2nd period - Snap shot by Alex Henriksson.
13:01 of 2nd period - Stopped by Joseph Woll without a rebound.
13:02 of 2nd period - William Carrier wins face-off versus Dylan Gambrell in Checkers zone.
13:05 of 2nd period - Snap shot by William Carrier.
13:05 of 2nd period - Stopped by Joseph Woll without a rebound.
13:06 of 2nd period - Emil Pettersson wins face-off versus Dylan Gambrell in Checkers zone.
13:15 of 2nd period - Slapshot by William Carrier.
13:15 of 2nd period - Stopped by Joseph Woll with a rebound.
13:17 of 2nd period - Wrist shot by Thomas Gobeil.
13:17 of 2nd period - Stopped by Joseph Woll with a rebound.
13:19 of 2nd period - Snap shot by Emil Pettersson.
13:19 of 2nd period - Stopped by Joseph Woll without a rebound.
13:20 of 2nd period - Nick Abruzzese wins face-off versus Theodor Blueger in Checkers zone.
13:30 of 2nd period - Slapshot by Kale Clague.
13:30 of 2nd period - Shot Blocked by Jordan Gross.
13:32 of 2nd period - Slapshot by Grigori Denisenko.
13:32 of 2nd period - Stopped by Kevin Mandolese with a rebound.
13:34 of 2nd period - Slapshot by Timothy Liljegren.
13:34 of 2nd period - Shot Misses the Net.
13:51 of 2nd period - Andrei Svechnikov is hit by Luke Martin and loses puck.
15:26 of 2nd period - Dylan Gambrell is hit by Thomas Gobeil.
17:24 of 2nd period - Luke Martin is hit by Austin Poganski and loses puck.
17:51 of 2nd period - Alex Lintuniemi is hit by Andrei Svechnikov and loses puck.
18:07 of 2nd period - Noah Gregor is hit by Tyce Thompson and loses puck.
18:25 of 2nd period - Jaedon Descheneau is hit by Austin Poganski and loses puck.
19:02 of 2nd period - Wrist shot by Shane Bowers.
19:02 of 2nd period - Stopped by Kevin Mandolese without a rebound.
19:03 of 2nd period - Shane Bowers wins face-off versus Kyle Platzer in Barracuda zone.
19:30 of 2nd period - Alex Henriksson is hit by Tyce Thompson.
19:44 of 2nd period - Slapshot by Brett Kulak.
19:44 of 2nd period - Shot Blocked by Jordan Harris.
19:46 of 2nd period - Slapshot by Brett Kulak.
19:46 of 2nd period - Deflect By Kyle Platzer.
19:46 of 2nd period - Shot Misses the Net.
19:46 of 2nd period - Puck is out of play.
19:47 of 2nd period - Emil Pettersson wins face-off versus Dylan Gambrell in Checkers zone.
Goals for this period are 0 for Barracuda vs 3 for Checkers.
Shots for this period are 12 for Barracuda vs 15 for Checkers.
3rd period
0:01 of 3rd period - Dylan Gambrell wins face-off versus Emil Pettersson in neutral zone.
0:09 of 3rd period - Minor Penalty to Dylan Gambrell for Cross-checking.
0:10 of 3rd period - Emil Pettersson wins face-off versus Mitchell Heard in Checkers zone.
0:28 of 3rd period - Patrick Brown is hit by Thomas Gobeil and loses puck.
1:02 of 3rd period - Snap shot by Nick Abruzzese.
1:02 of 3rd period - Shot Misses the Net.
2:09 of 3rd period - Penalty to Dylan Gambrell is over, Dylan Gambrell is back on ice.
2:18 of 3rd period - Brett Kulak is hit by Michael Anderson and loses puck.
2:40 of 3rd period - Snap shot by Alex Lintuniemi.
2:40 of 3rd period - Shot Blocked by Kirill Marchenko.
3:18 of 3rd period - Alexei Toropchenko is hit by Tyce Thompson and loses puck.
4:21 of 3rd period - Alexei Toropchenko is hit by Roberts Lipsbergs and loses puck.
5:00 of 3rd period - Slapshot by Kale Clague.
5:00 of 3rd period - Shot Blocked by Dennis Cholowski.
5:06 of 3rd period - Snap shot by Cole Ully.
5:06 of 3rd period - Stopped by Joseph Woll with a rebound.
5:08 of 3rd period - Slapshot by Noah Gregor.
5:08 of 3rd period - Stopped by Joseph Woll with a rebound.
5:10 of 3rd period - Wrist shot by Dennis Cholowski.
5:10 of 3rd period - Stopped by Joseph Woll without a rebound.
5:11 of 3rd period - Roberts Lipsbergs wins face-off versus Emil Pettersson in Checkers zone.
5:24 of 3rd period - Wrist shot by William Carrier.
5:24 of 3rd period - Stopped by Joseph Woll with a rebound.
5:26 of 3rd period - Wrist shot by William Carrier.
5:26 of 3rd period - Stopped by Joseph Woll without a rebound.
5:27 of 3rd period - Dylan Gambrell wins face-off versus Theodor Blueger in Checkers zone.
5:52 of 3rd period - Patrick Brown is hit by Nikolai Kovalenko and loses puck.
6:24 of 3rd period - Wrist shot by Austin Poganski.
6:24 of 3rd period - Shot Misses the Net.
6:44 of 3rd period - Slapshot by Kyle Platzer.
6:44 of 3rd period - Stopped by Joseph Woll with a rebound.
6:46 of 3rd period - Slapshot by Dennis Cholowski.
6:46 of 3rd period - Shot Blocked by Grigori Denisenko.
7:55 of 3rd period - Wrist shot by Kyle Platzer.
7:55 of 3rd period - Stopped by Joseph Woll with a rebound.
8:13 of 3rd period - Wrist shot by Emil Pettersson.
8:13 of 3rd period - Shot Misses the Net.
8:51 of 3rd period - Luke Martin is hit by Kirill Marchenko.
10:19 of 3rd period - Jared McIsaac is hit by Brett Kulak and loses puck.
10:51 of 3rd period - Minor Penalty to Alexei Toropchenko for Slashing.
10:52 of 3rd period - Emil Pettersson wins face-off versus Patrick Brown in Barracuda zone.
12:46 of 3rd period - Noah Gregor is hit by Mitchell Heard and loses puck.
12:51 of 3rd period - Penalty to Alexei Toropchenko is over, Alexei Toropchenko is back on ice.
12:51 of 3rd period - Snap shot by Kale Clague.
12:51 of 3rd period - Shot Misses the Net.
12:53 of 3rd period - Slapshot by Jordan Harris.
12:53 of 3rd period - Shot Blocked by Brett Kulak.
12:55 of 3rd period - Slapshot by Michael Anderson.
12:55 of 3rd period - Stopped by Kevin Mandolese without a rebound.
12:56 of 3rd period - Tyce Thompson wins face-off versus Emil Pettersson in Barracuda zone.
13:11 of 3rd period - Snap shot by Roberts Lipsbergs.
13:11 of 3rd period - Stopped by Kevin Mandolese with a rebound.
13:34 of 3rd period - Wrist shot by William Carrier.
13:34 of 3rd period - Shot Misses the Net.
13:48 of 3rd period - Snap shot by Mitchell Heard.
13:48 of 3rd period - Goal by Mitchell Heard - Barracuda : 3 - Checkers : 6.
13:49 of 3rd period - Theodor Blueger wins face-off versus Dylan Gambrell in neutral zone.
14:22 of 3rd period - Snap shot by Matt Puempel.
14:22 of 3rd period - Stopped by Kevin Mandolese with a rebound.
14:36 of 3rd period - Viktor Baldayev is hit by Theodor Blueger and loses puck.
14:47 of 3rd period - Wrist shot by Kurtis Macdermid.
14:47 of 3rd period - Stopped by Joseph Woll without a rebound.
14:48 of 3rd period - Emil Pettersson wins face-off versus Dylan Gambrell in Checkers zone.
14:53 of 3rd period - Wrist shot by William Carrier.
14:53 of 3rd period - Stopped by Joseph Woll without a rebound.
14:54 of 3rd period - Emil Pettersson wins face-off versus Dylan Gambrell in Checkers zone.
14:55 of 3rd period - Wrist shot by William Carrier.
14:55 of 3rd period - Stopped by Joseph Woll with a rebound.
15:28 of 3rd period - Snap shot by Andrei Svechnikov.
15:28 of 3rd period - Stopped by Kevin Mandolese with a rebound.
15:34 of 3rd period - Patrick Brown is hit by Emil Pettersson and loses puck.
15:43 of 3rd period - Thomas Gobeil is hit by Timothy Liljegren and loses puck.
16:05 of 3rd period - William Carrier is hit by Dylan Gambrell and loses puck.
17:08 of 3rd period - Wrist shot by Emil Pettersson.
17:08 of 3rd period - Shot Misses the Net.
17:10 of 3rd period - Wrist shot by Emil Pettersson.
17:10 of 3rd period - Shot Blocked by Timothy Liljegren.
17:12 of 3rd period - Slapshot by Luke Martin.
17:12 of 3rd period - Stopped by Joseph Woll without a rebound.
17:13 of 3rd period - Nick Abruzzese wins face-off versus Theodor Blueger in Checkers zone.
17:44 of 3rd period - Slapshot by Brett Kulak.
17:44 of 3rd period - Deflect By Jaedon Descheneau.
17:44 of 3rd period - Shot Hit the Post.
17:44 of 3rd period - Puck is out of play.
17:45 of 3rd period - Nikolai Kovalenko wins face-off versus Shane Bowers in Checkers zone.
19:30 of 3rd period - Kurtis Macdermid is hit by Shane Bowers and loses puck.
19:47 of 3rd period - Icing by Robin Norell.
19:48 of 3rd period - Nick Abruzzese wins face-off versus Kyle Platzer in Barracuda zone.
Goals for this period are 0 for Barracuda vs 1 for Checkers.
Shots for this period are 11 for Barracuda vs 5 for Checkers.